PCL
LANSING LUGNUTS @ MEXICO CITY CERVECEROS
08/11/2024
 
TOP OF THE 1ST
Lansing Lugnuts batting - Pitching for Mexico City Cerveceros : RHP David Green
Pitching: RHP David Green
Batting: RHB Michael Woodruff 0-0: Called Strike
0-1: Foul Ball, location: 2F
0-2: Ball
1-2: Ball
2-2: Foul Ball, location: 2F
2-2: Foul Ball, location: 2F
2-2: SINGLE (Line Drive, 8RS)
Batting: LHB Iván Salas 0-0: Ball
Wild Pitch!
Michael Woodruff to second
1-0: Called Strike
1-1: Ball
2-1: SINGLE (Groundball, 34)
Michael Woodruff to third
Batting: RHB Júlio Caraballo 0-0: Ball
1-0: Foul Ball, location: 2F
1-1: Called Strike
1-2: Ball
2-2: Ball
3-2: Strikes out swinging
Batting: LHB Ricardo Romero 0-0: Called Strike
0-1: Ball
1-1: Ball
2-1: Foul Ball, location: 2F
2-2: Foul Ball, location: 2F
2-2: Ball
3-2: SINGLE (Line Drive, 56)
Michael Woodruff scores
Iván Salas to second
Batting: LHB Francisco Marino 0-0: Ball
1-0: Ball
2-0: Grounds into double play, 4-6-3 (Groundball, 4)
Top of the 1st over - 1 run(s), 3 hit(s), 0 error(s), 1 left on base; Lansing 1 - Mexico City 0
BOTTOM OF THE 1ST
Mexico City Cerveceros batting - Pitching for Lansing Lugnuts : RHP Arturo Leal
Pitching: RHP Arturo Leal
Batting: RHB Henning Huisman 0-0: Fly out, F7 (Flyball, 7M)
Batting: RHB John Anderson 0-0: Swinging Strike
0-1: Ball
1-1: Ball
2-1: Fly out, F9 (Line Drive, 89M)
Batting: LHB Chad Weaver 0-0: Called Strike
0-1: Called Strike
0-2: SINGLE (Groundball, 34D)
Batting: RHB Dennis Stephenson 0-0: Ball
1-0: Ball
2-0: Ball
3-0: Foul Ball, location: 2F
Pickoff Throw to First - Error! E1
Chad Weaver to second
3-1: Called Strike
3-2: Foul Ball, location: 2F
3-2: SINGLE (Groundball, 34D)
Chad Weaver to third
Chad Weaver scores
Batting: LHB Brandon Cummings 0-0: Foul Ball, location: 2F
0-1: Ball
1-1: Ball
2-1: Ball
3-1: Foul Ball, location: 2F
3-2: Foul Ball, location: 2F
3-2: Fly out, F8 (Flyball, 8LD)
Bottom of the 1st over - 1 run(s), 2 hit(s), 1 error(s), 1 left on base; Lansing 1 - Mexico City 1
TOP OF THE 2ND
Lansing Lugnuts batting - Pitching for Mexico City Cerveceros : RHP David Green
Batting: RHB Jeff Packard 0-0: Ball
1-0: Ball
2-0: Called Strike
2-1: Ground out 6-3 (Groundball, 6)
Batting: RHB Phil Matthews 0-0: Ball
1-0: Called Strike
1-1: SINGLE (Line Drive, 56)
Batting: RHB Sadao Kimura 0-0: Grounds into double play, 5-4-3 (Groundball, 56)
Top of the 2nd over - 0 run(s), 1 hit(s), 0 error(s), 0 left on base; Lansing 1 - Mexico City 1
BOTTOM OF THE 2ND
Mexico City Cerveceros batting - Pitching for Lansing Lugnuts : RHP Arturo Leal
Batting: RHB Rafael Rincón 0-0: Called Strike
0-1: Fly out, F9 (Flyball, 9LM)
Batting: LHB Kevin Beasley 0-0: Called Strike
0-1: Ball
1-1: SOLO HOME RUN (Flyball, 8RXD), Distance : 439 ft
Batting: RHB Reynold Akker 0-0: Ball
1-0: Ground out 1-3 (Groundball, 25)
Batting: RHB Naomi Kitamura 0-0: Ball
1-0: Ball
2-0: Ground out 1-3 (Groundball, 13S)
Bottom of the 2nd over - 1 run(s), 1 hit(s), 0 error(s), 0 left on base; Lansing 1 - Mexico City 2
TOP OF THE 3RD
Lansing Lugnuts batting - Pitching for Mexico City Cerveceros : RHP David Green
Batting: RHB Matt Silver 0-0: Ball
1-0: Called Strike
1-1: SINGLE (Groundball, 56D)
Batting: RHB Michael Woodruff 0-0: Called Strike
0-1: Ball
1-1: Called Strike
1-2: Strikes out swinging
Batting: LHB Iván Salas 0-0: Ball
Matt Silver is caught stealing 2nd base
1-0: Called Strike
1-1: Foul Ball, location: 2F
1-2: Strikes out swinging
Top of the 3rd over - 0 run(s), 1 hit(s), 0 error(s), 0 left on base; Lansing 1 - Mexico City 2
BOTTOM OF THE 3RD
Mexico City Cerveceros batting - Pitching for Lansing Lugnuts : RHP Arturo Leal
Batting: RHB Henning Huisman 0-0: Called Strike
0-1: Fly out, F3 (Popup, 3F)
Batting: RHB John Anderson 0-0: Swinging Strike
0-1: SINGLE (Groundball, 4M)
Batting: LHB Chad Weaver 0-0: Swinging Strike
0-1: Swinging Strike
0-2: Foul Ball, location: 2F
0-2: Ball
1-2: Ball
2-2: Ground out 5-3 (Groundball, 5S)
John Anderson to second
Batting: RHB Dennis Stephenson 0-0: Hit by Pitch
Batting: LHB Brandon Cummings 0-0: Fly out, F1 (Line Drive, 15)
Bottom of the 3rd over - 0 run(s), 1 hit(s), 0 error(s), 2 left on base; Lansing 1 - Mexico City 2
TOP OF THE 4TH
Lansing Lugnuts batting - Pitching for Mexico City Cerveceros : RHP David Green
Batting: RHB Júlio Caraballo 0-0: Called Strike
0-1: Foul Ball, location: 2F
0-2: Strikes out swinging
Batting: LHB Ricardo Romero 0-0: Called Strike
0-1: Ball
1-1: Ball
2-1: Foul Ball, location: 2F
2-2: SOLO HOME RUN (Flyball, 9D), Distance : 357 ft
Batting: LHB Francisco Marino 0-0: Ball
1-0: Swinging Strike
1-1: Ball
2-1: Ground out 3-1 (Groundball, 23)
Batting: RHB Jeff Packard 0-0: DOUBLE (Line Drive, 9LM)
Batting: RHB Phil Matthews 0-0: SINGLE (Groundball, 6MD)
Jeff Packard to third
Runner from 3rd tries for Home, throw and OUT!
Top of the 4th over - 1 run(s), 3 hit(s), 0 error(s), 1 left on base; Lansing 2 - Mexico City 2
BOTTOM OF THE 4TH
Mexico City Cerveceros batting - Pitching for Lansing Lugnuts : RHP Arturo Leal
Batting: RHB Rafael Rincón 0-0: Foul Ball, location: 2F
0-1: Called Strike
0-2: Ball
1-2: Strikes out swinging
Batting: LHB Kevin Beasley 0-0: Ball
1-0: Foul Ball, location: 2F
1-1: SOLO HOME RUN (Flyball, 9D), Distance : 342 ft
Batting: RHB Reynold Akker 0-0: Foul Ball, location: 2F
0-1: DOUBLE (Line Drive, 9LS)
Batting: RHB Naomi Kitamura 0-0: Foul Ball, location: 2F
0-1: Foul Ball, location: 2F
0-2: Foul Ball, location: 2F
0-2: Foul Ball, location: 2F
0-2: SINGLE (Line Drive, 6M)
Reynold Akker to third
Batting: RHB Henning Huisman 0-0: Ball
1-0: Called Strike
Naomi Kitamura is caught stealing 2nd base
1-1: Fly out, F7 (Popup, 6D)
Bottom of the 4th over - 1 run(s), 3 hit(s), 0 error(s), 1 left on base; Lansing 2 - Mexico City 3
TOP OF THE 5TH
Lansing Lugnuts batting - Pitching for Mexico City Cerveceros : RHP David Green
Batting: RHB Sadao Kimura 0-0: Called Strike
0-1: Ball
1-1: Swinging Strike
1-2: Ball
2-2: Ground out 6-3 (Groundball, 6)
Batting: RHB Matt Silver 0-0: Ball
1-0: Ground out 1-3 (Groundball, 15)
Batting: RHB Michael Woodruff 0-0: Fly out, F2 (Popup, 2LF)
Top of the 5th over - 0 run(s), 0 hit(s), 0 error(s), 0 left on base; Lansing 2 - Mexico City 3
BOTTOM OF THE 5TH
Mexico City Cerveceros batting - Pitching for Lansing Lugnuts : RHP Arturo Leal
Pitching: RHP Juan Álvarez
Batting: RHB John Anderson 0-0: Swinging Strike
0-1: Foul Ball, location: 2F
0-2: Strikes out swinging
Batting: LHB Chad Weaver 0-0: Foul Ball, location: 2F
0-1: Called Strike
0-2: Strikes out looking
Batting: RHB Dennis Stephenson 0-0: Ball
1-0: Ball
2-0: Fly out, F6 (Popup, 6)
Bottom of the 5th over - 0 run(s), 0 hit(s), 0 error(s), 0 left on base; Lansing 2 - Mexico City 3
TOP OF THE 6TH
Lansing Lugnuts batting - Pitching for Mexico City Cerveceros : RHP David Green
Batting: LHB Iván Salas 0-0: Ball
1-0: Ball
2-0: Called Strike
2-1: Called Strike
2-2: Foul Ball, location: 2F
2-2: Ball
3-2: SINGLE (Groundball, 4MD)
Batting: RHB Júlio Caraballo 0-0: Ball
1-0: Ball
2-0: Swinging Strike
2-1: Ball
3-1: Base on Balls
Iván Salas to second
Batting: LHB Ricardo Romero 0-0: Foul Ball, location: 2F
0-1: Ball
1-1: Called Strike
1-2: Strikes out looking
Batting: LHB Francisco Marino 0-0: Ball
1-0: Ball
2-0: Ball
3-0: Called Strike
3-1: SINGLE (Groundball, 6M) (infield hit)
Iván Salas to third
Júlio Caraballo to second
Batting: RHB Jeff Packard 0-0: SINGLE (Flyball, 78S)
Iván Salas scores
Júlio Caraballo to third
Francisco Marino to second
Batting: RHB Phil Matthews 0-0: Foul Ball, location: 2F
0-1: Called Strike
0-2: Ball
1-2: Ball
2-2: Strikes out swinging
Batting: RHB Sadao Kimura 0-0: Called Strike
0-1: Foul Ball, location: 2F
0-2: Strikes out swinging
Top of the 6th over - 1 run(s), 3 hit(s), 0 error(s), 3 left on base; Lansing 3 - Mexico City 3
BOTTOM OF THE 6TH
Mexico City Cerveceros batting - Pitching for Lansing Lugnuts : RHP Juan Álvarez
Batting: LHB Brandon Cummings 0-0: Ball
1-0: Foul Ball, location: 2F
1-1: Fly out, F8 (Flyball, 8LD)
Batting: RHB Rafael Rincón 0-0: Called Strike
0-1: SINGLE (Groundball, 56D)
Batting: LHB Kevin Beasley 0-0: Ball
1-0: Called Strike
1-1: Foul Ball, location: 2F
1-2: Ball
2-2: Ground out 3-1 (Groundball, 34)
Rafael Rincón to second
Batting: RHB Reynold Akker 0-0: Foul Ball, location: 2F
0-1: Fly out, F8 (Line Drive, 8RM)
Bottom of the 6th over - 0 run(s), 1 hit(s), 0 error(s), 1 left on base; Lansing 3 - Mexico City 3
TOP OF THE 7TH
Lansing Lugnuts batting - Pitching for Mexico City Cerveceros : RHP David Green
Batting: RHB Matt Silver 0-0: Called Strike
0-1: Ground out 6-3 (Groundball, 6)
Pitching: RHP Jonathan Long
Batting: RHB Michael Woodruff 0-0: Ball
1-0: Called Strike
1-1: Foul Ball, location: 2F
1-2: Ball
2-2: Foul Ball, location: 2F
2-2: Strikes out looking
Batting: LHB Iván Salas 0-0: Ball
1-0: Ball
2-0: Ball
3-0: Base on Balls
Batting: RHB Júlio Caraballo 0-0: Ball
1-0: Ball
2-0: Ball
3-0: Foul Ball, location: 2F
3-1: Base on Balls
Iván Salas to second
Batting: LHB Ricardo Romero 0-0: Ball
1-0: Ball
2-0: Ball
3-0: Called Strike
3-1: Fly out, F1 (Line Drive, 13)
Top of the 7th over - 0 run(s), 0 hit(s), 0 error(s), 2 left on base; Lansing 3 - Mexico City 3
BOTTOM OF THE 7TH
Mexico City Cerveceros batting - Pitching for Lansing Lugnuts : RHP Juan Álvarez
Pitching: RHP Jesús Sosa
Batting: RHB Naomi Kitamura 0-0: Foul Ball, location: 2F
0-1: Swinging Strike
0-2: Fly out, F8 (Flyball, 8RXD)
Pinch Hitting: LHB Luka Lagerweij 0-0: Ground out 4-3 (Groundball, 4)
Batting: RHB John Anderson 0-0: Ball
1-0: Ground out 1-3 (Groundball, 13S)
Bottom of the 7th over - 0 run(s), 0 hit(s), 0 error(s), 0 left on base; Lansing 3 - Mexico City 3
TOP OF THE 8TH
Lansing Lugnuts batting - Pitching for Mexico City Cerveceros : RHP Jonathan Long
Now in LF: Luka Lagerweij
Batting: LHB Francisco Marino 0-0: Ball
1-0: Ball
2-0: Ball
3-0: Called Strike
3-1: Foul Ball, location: 2F
3-2: Fly out, F7 (Flyball, 7M)
Batting: RHB Jeff Packard 0-0: Foul Ball, location: 2F
0-1: SINGLE (Groundball, 56D)
Pitching: RHP Leonard Lewis
Pinch Runner at 1st Mitsuoki Taguchi:
Batting: RHB Phil Matthews 0-0: Ball
Mitsuoki Taguchi steals 2nd base
1-0: Ball
Mitsuoki Taguchi steals 3rd base
2-0: Ground out 5-3 (Groundball, 56S)
Batting: RHB Sadao Kimura 0-0: Fly out, F7 (Flyball, 7M)
Top of the 8th over - 0 run(s), 1 hit(s), 0 error(s), 1 left on base; Lansing 3 - Mexico City 3
BOTTOM OF THE 8TH
Mexico City Cerveceros batting - Pitching for Lansing Lugnuts : RHP Jesús Sosa
Now in RF: Taki Chikafuji
Batting: LHB Chad Weaver 0-0: Foul Ball, location: 2F
0-1: Ball
1-1: TRIPLE (Groundball, 3L)
Batting: RHB Dennis Stephenson 0-0: Ball
1-0: Ball
2-0: Ball
3-0: Called Strike
3-1: Base on Balls
Batting: LHB Brandon Cummings 0-0: Called Strike
0-1: Called Strike
0-2: Strikes out looking
Batting: RHB Rafael Rincón 0-0: Foul Ball, location: 2F
0-1: Ball
1-1: Swinging Strike
1-2: Strikes out swinging
Batting: LHB Kevin Beasley 0-0: Ball
1-0: Ball
2-0: Ball
3-0: Base on Balls
Dennis Stephenson to second
Pinch Hitting: LHB Júlio Cedeńo 0-0: Ball
1-0: Foul Ball, location: 2F
1-1: Ball
2-1: Swinging Strike
2-2: Fielders Choice at 2nd, U6 (Groundball, 6M)
Bottom of the 8th over - 0 run(s), 1 hit(s), 0 error(s), 3 left on base; Lansing 3 - Mexico City 3
TOP OF THE 9TH
Lansing Lugnuts batting - Pitching for Mexico City Cerveceros : RHP Leonard Lewis
Pitching: RHP Bartolo Muńóz
Now at 2B: Ernesto Jiménez
Batting: RHB Matt Silver 0-0: Ball
1-0: Ground out 6-3 (Groundball, 6)
Batting: RHB Michael Woodruff 0-0: Called Strike
0-1: Called Strike
0-2: Strikes out swinging
Batting: LHB Iván Salas 0-0: Called Strike
0-1: Fly out, F5 (Popup, 5SF)
Top of the 9th over - 0 run(s), 0 hit(s), 0 error(s), 0 left on base; Lansing 3 - Mexico City 3
BOTTOM OF THE 9TH
Mexico City Cerveceros batting - Pitching for Lansing Lugnuts : RHP Jesús Sosa
Batting: RHB Naomi Kitamura 0-0: Foul Ball, location: 2F
0-1: Ball
1-1: Ground out 6-3 (Groundball, 6M)
Batting: LHB Luka Lagerweij 0-0: Called Strike
0-1: Foul Ball, location: 2F
0-2: Ball
1-2: Ball
2-2: SOLO HOME RUN (Flyball, 9LD), Distance : 329 ft
This league is powered by Out of the Park Baseball, the baseball management simulation game for PC, Mac and Linux
Saturday, April 9th, 2016 - OOTP Baseball 16.8 Build 38